 Dungeon Crawl Stone Soup version 0.24.1-14-gf8d2b509d9 (webtiles) character file.

Game seed: 12129002455100172909, levelgen mode: deterministic

82 Gildeon the Insei (level 4, -12/29 HPs)
             Began as an Octopode Transmuter on May 30, 2020.
             Was a Plaything of Xom.
             Killed by divine providence
             ... invoked by an orc priest
              (13 damage)
             ... on level 3 of the Dungeon.
             The game lasted 00:05:38 (1777 turns).

Gildeon the Insei (Octopode Transmuter)             Turns: 1777, Time: 00:05:38

Health: -12/29     AC:  1    Str: 10    XL:     4   Next: 43%
Magic:  7/7        EV: 13    Int: 15    God:    Xom [....*.]
Gold:   106        SH:  0    Dex: 12    Spells: 1/7 levels left

rFire    . . .     SeeInvis .     - Unarmed
rCold    . . .     Gourm    .   (no shield)
rNeg     . . .     Faith    .   (helmet restricted)
rPois    .         Spirit   .   m - amulet of regeneration
rElec    .         Reflect  .   (no ring)
rCorr    .         Harm     .   (no ring)
MR       .....                  (no ring)
Stlth    +++.......             (no ring)
HPRegen  0.49/turn              (no ring)
MPRegen  0.10/turn              (no ring)
                                (no ring)
                                (no ring)

@: drained
A: almost no armour, stealthy swim, amphibious, 8 rings, constrict 8, camouflage
1, gelatinous body 1
a: Renounce Religion


You were on level 3 of the Dungeon.
You worshipped Xom.
You were a beloved toy of Xom.
You were not hungry.

You visited 1 branch of the dungeon, and saw 3 of its levels.

You collected 106 gold pieces.

Inventory:

Missiles
 a - 67 arrows
 f - 8 poisoned darts (quivered)
 h - 2 throwing nets
Jewellery
 m - an amulet of regeneration (around mantle)
Scrolls
 b - 3 scrolls of remove curse
 d - a scroll of enchant armour {unknown}
 i - a scroll of immolation {unknown}
 k - 2 scrolls of enchant weapon
 o - a scroll of identify
Potions
 e - 4 potions of curing
 g - a potion of magic {unknown}
 j - a potion of degeneration {unknown}
 n - a potion of haste
Comestibles
 c - 2 rations
 l - 4 chunks of flesh


   Skills:
 + Level 1.8(1.1) Fighting
 + Level 2.5(1.8) Dodging
 + Level 1.8(1.1) Stealth
 + Level 3.4(2.7) Unarmed Combat
 + Level 2.4(1.7) Spellcasting
 + Level 2.6(1.8) Transmutations


You had one spell level left.
You knew the following spells:

 Your Spells              Type           Power        Failure   Level  Hunger
a - Beastly Appendage     Tmut           #.....       11%         1    ##.....
b - Sticks to Snakes      Tmut           #.......     16%         2    ###....
c - Spider Form           Tmut/Pois      #.........   43%         3    ####...

Your spell library contained the following spells:

 Spells                   Type           Power        Failure   Level  Hunger
 Ice Form                 Ice/Tmut       #.......     83%         4    #####..
 Blade Hands              Tmut           #.........   96%         5    ######.


Dungeon Overview and Level Annotations

Branches:
Dungeon (3/15)

Altars:
Cheibriados
Sif Muna
Xom


Innate Abilities, Weirdness & Mutations

You cannot wear most types of armour.
You are very stealthy in the water. (Stealth+)
You are amphibious.
You can wear up to eight rings at the same time.
You can use your tentacles to constrict eight enemies at once.
Your skin changes colour to match your surroundings (Stealth+).
Your rubbery body absorbs attacks. (AC +1, EV +1)


Message History

The orc priest looks braver for a moment.
The orc priest hits you with a +0 mace.
You see here 14 bolts.
You tentacle-slap the orc priest but do no damage.
Your grab misses the orc priest.
The orc wizard casts a spell.
The orc wizard seems to speed up.
The orc priest hits you. The orc hits you with a +0 club.
You tentacle-slap the orc priest. Your grab misses the orc priest.
The orc priest is lightly wounded.
The adder misses you.
The orc wizard gestures at you while chanting.
The magic dart hits you.
* * * LOW HITPOINT WARNING * * *
The orc priest hits you with a +0 mace.
* * * LOW HITPOINT WARNING * * *
The orc priest calls down the wrath of Beogh upon you.
Beogh smites you!
You die...
Xom chuckles heartily!

....#.. ....#. .....#
#+# .... #.# ##.## #.#
##...####.# ##.....##..#
#.##ooo....##.#
#...o@._......########
...>.#S......#..........
.... ##..!..###.>......#
.. ##...##..........+
##.##..#........#
#....##........# #####
#........# #........#
#........#


You could see 2 orc priests, an orc wizard, an adder and an orc.

Vanquished Creatures
  Natasha (D:3)
  2 adders
  A worm (D:3)
  3 dart slugs
  2 leopard geckos (D:2)
  3 bats
  3 giant cockroaches
  2 goblins
  3 hobgoblins
  A quokka (D:3)
  A ball python (D:3)
  A frilled lizard (D:1)
  4 kobolds (D:1)
  2 rats
29 creatures vanquished.

Notes
Turn   | Place    | Note
-------+----------+-------------------------------------------
     0 | D:1      | Gildeon the Octopode Transmuter began the quest for the
                  | Orb.
     0 | D:1      | Reached XP level 1. HP: 13/13 MP: 3/3
   320 | D:1      | Reached XP level 2. HP: 18/18 MP: 3/5
   324 | D:1      | Learned a level 2 spell: Sticks to Snakes
   509 | D:1      | Found a shimmering altar of Xom.
   525 | D:1      | Became a worshipper of Xom of Chaos
   577 | D:1      | XOM: butterfly on damage
   795 | D:1      | XOM: divination: detect items
   913 | D:2      | Reached skill level 1 in Stealth
  1232 | D:2      | Reached XP level 3. HP: 23/23 MP: 6/6
  1250 | D:2      | XOM: mild Conj miscast
  1579 | D:3      | XOM: butterfly on damage
  1598 | D:3      | XOM: medium Necr miscast
  1621 | D:3      | XOM: 2-stop teleportation journey
  1657 | D:3      | XOM: butterfly on damage
  1661 | D:3      | Found a snail-covered altar of Cheibriados.
  1757 | D:3      | Learned a level 3 spell: Spider Form
  1759 | D:3      | Found a shimmering blue altar of Sif Muna.
  1763 | D:3      | Noticed Natasha
  1769 | D:3      | XOM: potion effect (curing)
  1774 | D:3      | Killed Natasha
  1774 | D:3      | Reached XP level 4. HP: 23/29 MP: 7/7
  1777 | D:3      | HP: 1/29 [orc priest/+0 mace (5)]
  1777 | D:3      | Killed from afar by an orc priest

Levels and vault maps discovered:
D:1:      tarquinn_simple_flora_water_d, layout_loops_ring, xom_teletrap_fun
D:2:      layout_rooms, st_stairs_3, grunt_decor_cap, minmay_pentomino_s4
D:3:      minmay_roachtagon, layout_basic, kennysheep_slug_shrine,
          lemuel_round_altar, uniq_natasha

Skill      XL: |  1  2 |
---------------+-------+-----
Stealth        | 1 |  1.8
Fighting       | |  1.8
Dodging        | |  2.5
Unarmed Combat | |  3.4
Spellcasting   | |  2.4
Transmutations | |  2.6

Action                   |  1- 3 |  4- 6 || total
-------------------------+-------+-------++-------
Melee: Unarmed           |    67 |     2 ||    69
       Constrict         |    18 |       ||    18
       Kick              |    15 |       ||    15
       Tentacles         |     8 |       ||     8
       Punch             |     1 |       ||     1
 Cast: Beastly Appendage |    15 |       ||    15
  Use: Scroll            |     3 |       ||     3
 Stab: Sleeping          |     6 |       ||     6
  Eat: Chunk             |     3 |       ||     3
Armor: Skin              |     5 |       ||     5
Dodge: Dodged            |    45 |     2 ||    47
